 Dungeon Crawl Stone Soup version 0.17-a0-2231-gd80ca38 (webtiles) character file.

59 ololoev the Chopper (level 4, -4/40 HPs)
             Began as a Hill Orc Fighter on Oct 29, 2015.
             Slain by a shadow imp (5 damage)
             ... on level 5 of the Dungeon.
             The game lasted 00:02:04 (310 turns).

ololoev the Chopper (Hill Orc Fighter)               Turns: 310, Time: 00:02:04

Health: -4/40      AC:  7    Str: 19    XL:     4   Next: 3%
Magic:  4/4        EV:  7    Int:  8    God:
Gold:   51         SH:  9    Dex: 10    Spells: 0 memorised, 3 levels left

rFire  . . .     SeeInvis .     a - +0 war axe
rCold  . . .     Clarity  .     b - +0 scale mail
rNeg   . . .     SustAt   .     c - +0 shield
rPois  .         Gourm    .     (no helmet)
rElec  .         Spirit   .     (no cloak)
rCorr  .         Warding  .     (no gloves)
rMut   .         Rnd*Tele +     (no boots)
MR     .....                    (no amulet)
Stlth  ..........               (no ring)
                                f - ring of teleportation (curse)

@: not resistant to hostile enchantments, extremely unstealthy
A: no striking features
a: Evoke Teleportation

Inventory:

Hand Weapons
 a - a +0 war axe (weapon)
Armour
 b - a +0 scale mail (worn)
 c - a +0 shield (worn)
Jewellery
 f - a cursed ring of teleportation (left hand)
Scrolls
 k - a scroll of immolation
Potions
 d - a potion of might
 h - a potion of brilliance
 i - a potion of agility
 l - a potion of haste
Comestibles
 e - a bread ration
 g - a beef jerky


   Skills:
 + Level 4.2 Fighting
 * Level 4.3 Axes
 + Level 3.8 Armour
 - Level 3.2 Shields


You had 3 spell levels left.
You didn't know any spells.


You were on level 5 of the Dungeon.
You were not hungry.

You visited 1 branch of the dungeon, and saw 5 of its levels.

You collected 51 gold pieces.

#...# #...#
####...####
#......!..
#........
#.......
###.....#
#......@#
#$##...5#
#.#.## ..
.. ... .#.
.. ###. .
.. ..

Notes
Turn   | Place    | Note
--------------------------------------------------------------
     0 | D:1      | ololoev the Hill Orc Fighter began the quest for the Orb.
     0 | D:1      | Reached XP level 1. HP: 19/19 MP: 1/1
   177 | D:2      | Reached XP level 2. HP: 27/27 MP: 2/2
   210 | D:2      | Found a glowing silver altar of Zin.
   295 | D:4      | Reached skill level 4 in Fighting
   295 | D:4      | Reached XP level 3. HP: 25/33 MP: 3/3
   298 | D:5      | Entered Level 5 of the Dungeon
   307 | D:5      | Reached XP level 4. HP: 6/40 MP: 4/4
   308 | D:5      | HP: 2/40 [shadow imp/nerve-wracking pain (4)]
   310 | D:5      | Slain by a shadow imp

Dungeon Overview and Level Annotations

Branches:
Dungeon (5/15)
 Temple: D:4-7

Altars:
Zin


Message History

You barely miss the iguana.
The iguana is almost dead.
You block the iguana's attack.
Your scale mail prevents you from hitting the iguana.
The iguana is almost dead.
Your shield prevents you from hitting the shadow imp.
The iguana bites you. The shadow imp closely misses you.
You block the iguana's attack. You block the shadow imp's attack.
Unknown command.
You barely miss the iguana.
The iguana is almost dead.
You barely miss the shadow imp. You block the iguana's attack.
You block the shadow imp's attack.
Unknown command.
You hit the iguana but do no damage.
The iguana is almost dead.
You hit the shadow imp.
The shadow imp is moderately wounded.
The iguana bites you but does no damage.
You block the shadow imp's attack.
Unknown command.
You hit the iguana.
You kill the iguana!
Your Axes skill increases to level 4!
You have reached level 4!
You hit the shadow imp.
The shadow imp is severely wounded.
You block the shadow imp's attack.
The shadow imp hits you but does no damage.
Your shield and scale mail prevent you from hitting the shadow imp.
The shadow imp is severely wounded.
The shadow imp gestures at you. Pain shoots through your body!
You closely miss the shadow imp.
The shadow imp is severely wounded.
The shadow imp hits you.
Your shield and scale mail prevent you from hitting the shadow imp.
The shadow imp is severely wounded.
The shadow imp barely misses you. The shadow imp hits you.
You die...

You could see a shadow imp.

Vanquished Creatures
  An iguana (D:5)
  A giant frog skeleton (D:4)
  A goblin (D:1)
  2 hobgoblins
  A quokka (D:3)
  A giant gecko (D:2)
  A giant newt (D:3)
  A kobold (D:1)
  2 rats (D:1)
11 creatures vanquished.

Action                   |  1- 3 |  4- 6 || total
-------------------------+-------+-------++-------
Melee: War axe           |    36 |     3 ||    39
  Use: Scroll            |     4 |       ||     4

Vault maps used:
D:1:      dpeg_arrival_central
D:2:      minitemple, tso_oasis_becter, zin_scriptorium,
          minmay_misc_feat_hallway, hangedman_decor_lopped, uniq_sigmund,
          uniq_crazy_yiuf_cottage
D:3:      minmay_quantized
D:4:      serial_shops, nicolae_shop_scaring_up_business,
          fedhas_bush_and_centaur_altar
D:5:      first_bread, serial_shops, nicolae_shop_waterfront, tgw_kikubaaqudgha,
          uniq_duvessa, uniq_grinder
